 Dungeon Crawl Stone Soup version 0.28.0 (webtiles) character file.

Game seed: 17653481720266590071

618 H0rd4k the Thaumaturge (level 7, -1/37 HPs)
             Began as a Deep Elf Hedge Wizard on Feb 15, 2022.
             Slain by an unseen horror (6 damage)
             ... on level 5 of the Dungeon.
             The game lasted 00:08:07 (5708 turns).

H0rd4k the Thaumaturge (Deep Elf Hedge Wizard)      Turns: 5708, Time: 00:08:07

Health: -1/37      AC:  3    Str:  7    XL:     7   Next: 21%
Magic:  11/20      EV: 13    Int: 21    God:
Gold:   218        SH:  0    Dex: 14    Spells: 13/22 levels left

rFire   . . .      SeeInvis .   a - +0 dagger
rCold   . . .      Faith    .   (no shield)
rNeg    . . .      Spirit   .   b - +0 robe
rPois   .          Reflect  .   c - +1 hat
rElec   .          Harm     .   (no cloak)
rCorr   .          Rampage  .   (no gloves)
Will    .....                   (no boots)
Stlth   ++........              (no amulet)
HPRegen 0.12/turn               (no ring)
MPRegen 0.17/turn               (no ring)

@: no status effects
A: no striking features
a: no special abilities


You were on level 5 of the Dungeon.
You visited 1 branch of the dungeon, and saw 5 of its levels.
You also visited: Sewer.

You collected 218 gold pieces.

Inventory:

Hand Weapons
 a - a +0 dagger (weapon)
Missiles
 r - 2 throwing nets
Armour
 b - a +0 robe (worn)
 c - a +1 hat (worn)
Scrolls
 f - a scroll of enchant weapon {unknown}
 i - 2 scrolls of noise
 j - 2 scrolls of enchant armour
 q - 2 scrolls of teleportation
Potions
 d - 2 potions of flight
 e - 4 potions of curing
 k - a potion of heal wounds
 m - a potion of lignification {unknown}
 n - a potion of berserk rage {unknown}
 o - 2 potions of might {unknown}
 p - a potion of brilliance {unknown}


   Skills:
 + Level 0.6 Fighting
 + Level 3.1 Dodging
 - Level 2.4 Stealth
 + Level 8.3 Spellcasting
 + Level 5.0 Conjurations
 + Level 1.1 Summonings
 + Level 1.4 Translocations
 * Level 0.7 Fire Magic
 + Level 1.3 Air Magic
 + Level 1.0 Poison Magic


You had 13 spell levels left.
You knew the following spells:

 Your Spells              Type           Power      Damage    Failure   Level
a - Magic Dart            Conj           100%       1d8       1%          1
b - Blink                 Tloc           28%        N/A       7%          2
c - Mephitic Cloud        Conj/Pois/Air  19%        N/A       9%          3
d - Conjure Flame         Conj/Fire      20%        6-21      7%          3

Your spell library contained the following spells:

 Spells                   Type           Power      Damage    Failure   Level
 Apportation              Tloc           28%        N/A       4%          1
 Summon Small Mammal      Summ           52%        N/A       4%          1
 Animate Skeleton         Necr           16%        N/A       8%          1
 Slow                     Hex            32%        N/A       8%          1
 Call Imp                 Summ           13%        N/A       8%          2
 Dazzling Flash           Conj/Hex       38%        N/A       9%          3
 Gell's Gravitas          Tloc           14%        N/A       13%         3
 Teleport Other           Tloc           14%        N/A       13%         3
 Ozocubu's Armour         Ice            8%         N/A       22%         3
 Animate Armour           Summ/Erth      22%        N/A       52%         4
 Silence                  Hex/Air        5%         N/A       86%         5
 Agony                    Necr           8%         N/A       91%         5
 Blade Hands              Tmut           4%         N/A       91%         5
 Metabolic Englaciation   Hex/Ice        4%         N/A       91%         5
 Iron Shot                Conj/Erth      9%         9d3       99%         6
 Dispersal                Tloc           7%         N/A       100%        6
 Simulacrum               Ice/Necr       4%         N/A       100%        6


Dungeon Overview and Level Annotations

Branches:
Dungeon (5/15)              Sewer (visited)
 Temple: D:4-7

Altars:

Shops:
D:1 [


Message History

The gnoll shouts!
Something shouts, "Bolt, thou venomed sheep-biting tinkerer!"
The magic dart hits the gnoll but does no damage.
The gnoll is heavily wounded.
The magic dart hits the gnoll.
The gnoll is heavily wounded.
The magic dart hits the gnoll.
The gnoll is severely wounded.
A shadow imp comes into view.
The magic dart hits the gnoll!
You kill the gnoll!
The magic dart hits the shadow imp.
The shadow imp is moderately wounded.
The magic dart hits the shadow imp.
The shadow imp is severely wounded.
The shadow imp shouts, "Scamper away, thou brittle mumble-news foot-licker!"
The magic dart hits the shadow imp.
The shadow imp is almost dead.
A gnoll comes into view. It is wielding a +0 spear.
The magic dart hits the shadow imp.
You kill the shadow imp!
The gnoll shouts!
Something barely misses you.
A gnoll comes into view. It is wielding a +0 spear.
The magic dart hits the gnoll!
The gnoll is heavily wounded.
The gnoll shouts!
Something hits you.
Deactivating autopickup; reactivate with Ctrl-A.
A gnoll comes into view. It is wielding a +0 whip.
The magic dart hits the gnoll.
The gnoll is severely wounded.
Something hits you. Something hits you but does no damage. Something hits you!
You see here a +0 long sword.
Something hits you. Something hits you!
* * * LOW HITPOINT WARNING * * *
Something hits you.
You die...

*****########## *,,,,.........#
*,,,,.........# ****#*****#
*,,,,.........#####....,,,,.#
*,,<,.?.g.g.g).@....#####*..#
*,,,,....)....#######...##.###**
*,,,,.........#######.........,,
*,,,,......................##***
*****#....#.#########....###
#.#....* ###.#.# #..#...*
**#.....# ##....#*****#...#...#
#..#.<,.,*#$.####..#


You could see 3 gnolls.

Vanquished Creatures
  A water moccasin (D:5)
  An ogre (D:4)
  A kobold brigand (Sewer)
  A scorpion (D:5)
  An orc wizard (D:2)
  9 gnolls
  A howler monkey skeleton (D:5)
  2 river rats (Sewer)
  4 adders
  A shadow imp (D:5)
  2 ufetubi
  A worm (D:2)
  7 dart slugs
  4 orcs
  6 ball pythons
  10 bats
  7 endoplasms
  4 giant cockroaches
  5 goblins
  5 hobgoblins
  5 jackals
  12 kobolds
  6 quokkas
  2 frilled lizards
  7 rats
105 creatures vanquished.

Notes
Turn   | Place    | Note
-------+----------+-------------------------------------------
     0 | D:1      | H0rd4k the Deep Elf Hedge Wizard began the quest for the
                  | Orb.
     0 | D:1      | Reached XP level 1. HP: 10/10 MP: 7/7
   224 | D:1      | Reached skill level 5 in Spellcasting
   224 | D:1      | Reached XP level 2. HP: 15/15 MP: 6/10
   395 | D:1      | Found Emuhos's Antique Armour Emporium.
   825 | D:1      | Reached XP level 3. HP: 19/19 MP: 8/11
   828 | D:1      | Learned a level 2 spell: Blink
   832 | D:1      | Learned a level 3 spell: Mephitic Cloud
   836 | D:1      | Learned a level 3 spell: Conjure Flame
  1476 | D:2      | Found a faded altar of an unknown god.
  1665 | D:2      | Reached skill level 6 in Spellcasting
  1665 | D:2      | Reached XP level 4. HP: 23/24 MP: 2/14
  3154 | D:3      | Reached XP level 5. HP: 28/28 MP: 7/15
  3983 | D:4      | Noticed an ogre
  3999 | D:4      | Killed an ogre
  4244 | D:4      | Reached skill level 7 in Spellcasting
  4285 | D:4      | Reached XP level 6. HP: 32/33 MP: 6/18
  4928 | D:5      | Entered Level 5 of the Dungeon
  4953 | D:5      | Found a glowing drain.
  4954 | D:5      | Noticed a water moccasin
  4986 | D:5      | Killed a water moccasin
  5140 | D:5      | Reached skill level 8 in Spellcasting
  5140 | D:5      | Reached skill level 1 in Air Magic
  5140 | D:5      | Reached skill level 1 in Poison Magic
  5153 | Sewer    | Entered a sewer
  5212 | Sewer    | Reached XP level 7. HP: 37/37 MP: 14/20
  5463 | Sewer    | Reached skill level 5 in Conjurations
  5559 | Sewer    | Found a white marble altar of Elyvilon.
  5708 | D:5      | Slain by an unseen horror

Illustrated notes

Levels and vault maps discovered:
D:1:      wander_arrival_peaceful_grave, layout_rooms, serial_shops, shop
D:2:      cheibrodos_old_hovel, layout_loops_ring,
          dreamdust_ecumenical_altar_grove
D:3:      kennysheep_big_flooded_room, layout_basic
D:4:      layout_loops_cross, minmay_misc_feat_four_crosses
D:5:      layout_rooms, cheibrodos_sewer_entry_drain, minmay_quadrilaterals

Skill      XL: |  1  2  3  4  5  6  7 |
---------------+----------------------+-----
Spellcasting   | 5 6 7 8 |  8.3
Conjurations   | 2 3 4 5 |  5.0
Dodging        | 3 |  3.1
Air Magic      | 1 |  1.3
Poison Magic   | 1 |  1.0
Fighting       | |  0.6
Stealth        | |  2.4
Summonings     | |  1.1
Translocations | |  1.4
Fire Magic     | |  0.7

Action                   |  1- 3 |  4- 6 |  7- 9 || total
-------------------------+-------+-------+-------++-------
Melee: Dagger            |       |     2 |       ||     2
 Cast: Magic Dart        |   108 |   181 |    47 ||   336
       Mephitic Cloud    |       |     5 |       ||     5
       Conjure Flame     |       |     4 |       ||     4
       Blink             |       |     4 |       ||     4
  Use: Potion            |       |     5 |       ||     5
       Scroll            |       |     4 |       ||     4
Armor: Robe              |     3 |    13 |     5 ||    21
Dodge: Dodged            |    26 |    43 |     7 ||    76
